 Dungeon Crawl Stone Soup version 0.22.0-16-gc6d26f6 (webtiles) character file.

854 Amnesiac the Chiller (level 7, -1/49 HPs)
             Began as a Mummy Ice Elementalist on Aug 17, 2018.
             Slain by a gnoll shaman
             ... wielding a +0 club
              (9 damage)
             ... on level 5 of the Dungeon.
             The game lasted 00:05:17 (2847 turns).

Amnesiac the Chiller (Mummy Ice Elementalist)       Turns: 2847, Time: 00:05:17

Health: -1/49      AC:  3    Str: 11    XL:     7   Next: 70%
Magic:  12/16      EV: 13    Int: 17    God:
Gold:   133        SH:  0    Dex: 12    Spells: 10/18 levels left

rFire    . . .     SeeInvis .   a - +1 hunting sling (freeze)
rCold    + . .     Gourm    .   (no shield)
rNeg     + + +     Faith    .   g - +0 robe {rF+}
rPois    ∞         Spirit   .   (no helmet)
rElec    .         Reflect  .   (no cloak)
rCorr    .         Harm     .   c - +0 pair of gloves
MR       .....                  (no boots)
Stlth    ++........             (no amulet)
HPRegen  0.16/turn              (no ring)
MPRegen  0.15/turn              (no ring)

@: no status effects
A: no food or potions, fire vulnerability, cold resistance 1, negative energy
resistance 3, torment resistance, unbreathing
a: no special abilities


You were on level 5 of the Dungeon.
You were not hungry.

You visited 1 branch of the dungeon, and saw 5 of its levels.

You collected 133 gold pieces.

Inventory:

Hand Weapons
 a - a +1 hunting sling of freezing (weapon)
 b - a +0 short sword
Missiles
 d - 25 stones (quivered)
 h - 5 curare-tipped needles
Armour
 c - a +0 pair of gloves (worn)
 g - a +0 robe of fire resistance (worn)
 i - a scarf of spirit shield
Wands
 f - a wand of clouds (2)
Scrolls
 e - a scroll of fog {!r, unknown}


   Skills:
 + Level 1.7 Fighting
 * Level 2.8 Dodging
 - Level 1.5 Stealth
 - Level 6.0 Spellcasting
 - Level 0.7 Conjurations
 - Level 6.0 Ice Magic


You had 10 spell levels left.
You knew the following spells:

 Your Spells              Type           Power        Failure   Level  Hunger
a - Freeze                Ice            ####         1%          1    N/A
d - Throw Icicle          Conj/Ice       ###.....     32%         4    N/A
z - Ozocubu's Armour      Chrm/Ice       ###.....     11%         3    N/A

Your spell library contained the following spells:

 Spells                   Type           Power        Failure   Level  Hunger
 Throw Frost              Conj/Ice       ###...       4%          2    N/A
 Summon Ice Beast         Ice/Summ       ###.....     36%         4    N/A

Dungeon Overview and Level Annotations

Branches:
Dungeon (5/15)
 Temple: D:4-7

Altars:


Innate Abilities, Weirdness & Mutations

You do not eat or drink.
Your flesh is vulnerable to fire.
You are immune to poison.
Your flesh is cold resistant. (rC+)
You are immune to negative energy. (rN+++)
You are immune to unholy pain and torment.
You can survive without breathing.


Message History

Magic restored.
You start resting.
You hear the brisk hiss of a very distant avalanche of sand.
An orc wizard comes into view. It is wielding a dagger.
The orc wizard moves out of view.
The orc wizard shouts!
You hear a shout! x3
An orc comes into view. It is wielding a dagger.
You hear a shout!
The orc wizard casts a spell at you.
You easily resist.
You start resting.
The orc wizard is too close now for your liking.
Firing (i - inventory)
d - 27 stones (quivered)
Press: ? - help, Shift-Dir - straight line, f - orc wizard
Aim: an orc wizard, wielding a dagger and wearing a robe You shoot a stone.
The stone hits the orc wizard!
The stone freezes the orc wizard.
The orc wizard is severely wounded.
The orc wizard gestures at you while chanting.
The magic dart hits you!
* * * LOW HITPOINT WARNING * * *
Unknown command.
Casting: Freeze (safe; 1% risk of failure)
Confirm with . or Enter, or press ? or * to list all spells.
Aiming: Freeze (safe; 1% risk of failure)
Press: ? - help, Shift-Dir - straight line, f/p - orc wizard
Aim: an orc wizard, wielding a dagger and wearing a robe (severely wounded)
You freeze the orc wizard.
You kill the orc wizard!
Casting: Freeze (safe; 1% risk of failure)
Confirm with . or Enter, or press ? or * to list all spells.
You can't see any susceptible monsters within range! (Use Z to cast anyway.) Firing (i - inventory)
d - 26 stones (quivered)
Press: ? - help, Shift-Dir - straight line, f - gnoll shaman
Aim: a gnoll shaman, wielding a club and wearing a robe You shoot a stone.
The stone hits the gnoll shaman.
The stone freezes the gnoll shaman.
The gnoll shaman is moderately wounded.
Casting: Freeze (safe; 1% risk of failure)
Confirm with . or Enter, or press ? or * to list all spells.
Aiming: Freeze (safe; 1% risk of failure)
Press: ? - help, Shift-Dir - straight line, f/p - gnoll shaman
Aim: a gnoll shaman, wielding a club and wearing a robe (moderately wounded)
You freeze the gnoll shaman.
The gnoll shaman is heavily wounded.
The gnoll shaman hits you with a club!
* * * LOW HITPOINT WARNING * * *
Casting: Freeze (safe; 1% risk of failure)
Confirm with . or Enter, or press ? or * to list all spells.
Aiming: Freeze (safe; 1% risk of failure)
Press: ? - help, Shift-Dir - straight line, f/p - gnoll shaman
Aim: a gnoll shaman, wielding a club and wearing a robe (heavily wounded)
You freeze the gnoll shaman.
The gnoll shaman is severely wounded.
The gnoll shaman hits you but does no damage.
Casting: Freeze (safe; 1% risk of failure)
Confirm with . or Enter, or press ? or * to list all spells.
Aiming: Freeze (safe; 1% risk of failure)
Press: ? - help, Shift-Dir - straight line, f/p - gnoll shaman
Aim: a gnoll shaman, wielding a club and wearing a robe (severely wounded)
You freeze the gnoll shaman.
The gnoll shaman is severely wounded.
The gnoll shaman hits you with a club!
You die...

##########.
##########
#..)o...o..
#.)...@go#
#o####g###.
#.######(#
#.###...## #.#
####.####.##.....#
#.#
#....o..o.###.g.##
#.###.##.######
##g## #.........#
#.# #.###.##..#
#g# #.........#
#'# #.###.###.#
...


You could see a gnoll shaman and an orc.

Vanquished Creatures
  Sigmund (D:3)
  A sky beast (D:5)
  An ogre (D:3)
  A scorpion (D:4)
  2 hounds
  An orc priest (D:5)
  An iguana (D:4)
  4 orc wizards
  5 worker ants (D:4)
  Ijyb (D:3)
  3 gnolls (D:5)
  2 adders (D:2)
  An ooze (D:2)
  2 worms
  3 dart slugs
  3 leopard geckos
  4 orcs (D:4)
  A ball python (D:4)
  4 bats
  3 giant cockroaches
  5 goblins
  4 hobgoblins
  3 jackals (D:4)
  3 quokkas
  A frilled lizard (D:1)
  A jackal skeleton (D:4)
  5 kobolds
  5 rats
71 creatures vanquished.

Notes
Turn   | Place    | Note
-------+----------+-------------------------------------------
     0 | D:1      | Amnesiac the Mummy Ice Elementalist began the quest for the Orb.
     0 | D:1      | Reached XP level 1. HP: 13/13 MP: 4/4
   174 | D:1      | Reached XP level 2. HP: 19/19 MP: 1/5
   270 | D:2      | Reached XP level 3. HP: 6/24 MP: 0/7
   925 | D:3      | Noticed Ijyb
   936 | D:3      | Killed Ijyb
   936 | D:3      | Reached XP level 4. HP: 26/30 MP: 2/9
   995 | D:3      | Noticed an ogre
  1000 | D:3      | Killed an ogre
  1000 | D:3      | Reached XP level 5. HP: 24/35 MP: 4/11
  1042 | D:3      | Learned a level 3 spell: Ozocubu's Armour
  1047 | D:3      | Learned a level 4 spell: Throw Icicle
  1100 | D:3      | Noticed Sigmund
  1110 | D:3      | Killed Sigmund
  1110 | D:3      | Reached skill level 5 in Spellcasting
  1110 | D:3      | Reached skill level 5 in Ice Magic
  1110 | D:3      | Reached XP level 6. HP: 4/41 MP: 5/13
  1846 | D:4      | Reached XP level 7. HP: 46/46 MP: 12/15
  2462 | D:5      | Entered Level 5 of the Dungeon
  2625 | D:5      | Reached skill level 1 in Fighting
  2847 | D:5      | Slain by a gnoll shaman

Skill      XL: |  1  2  3  4  5  6  7 |
---------------+----------------------+-----
Spellcasting   | 3 4 5 6 |  6.0
Ice Magic      | 3 4 5 6 |  6.0
Dodging        | 2 |  2.8
Fighting       | 1 |  1.7
Stealth        | |  1.5
Conjurations   | |  0.7

Action                   |  1- 3 |  4- 6 |  7- 9 || total
-------------------------+-------+-------+-------++-------
Melee: Short sword       |    19 |       |       ||    19
 Fire: Hunting sling     |    26 |    53 |    39 ||   118
 Cast: Freeze            |    38 |    37 |    37 ||   112
       Ozocubu's Armour  |       |       |     1 ||     1
Armor: Robe              |     6 |     4 |     7 ||    17
Dodge: Dodged            |    30 |    16 |    16 ||    62
